[Event "*** Titled Tuesday Blitz"]
[Site "Chess.com"]
[Date "2021.04.06"]
[Round "6"]
[White "Torrentec"]
[Black "QuintilianoR"]
[Result "0-1"]
[WhiteElo "2441"]
[BlackElo "2694"]
[TimeControl "180+1"]
[EndTime "11:05:17 PDT"]
[Termination "QuintilianoR won by resignation"]

1. e4 c5 2. Nf3 d6 3. Bb5+ Nd7 4. O-O a6 5. Be2 Ngf6 6. Nc3 g6 7. a4 b6 8. d4 cxd4 9. Nxd4 Bb7 10. f3 Bg7 11.
Be3 O-O 12. Qd2 Qc7 13. Bh6 Bxh6 14. Qxh6 Qc5 15. Qe3 e5 16. Rfd1 Rfe8 17. b4 exd4 18. bxc5 dxe3 19. cxd6 Rac8 20. Na2 Rxc2 21. Kf1 a5 22.
Rd3 Ba6 23. Rxe3 Nd5 24. exd5 Bxe2+ 25. Rxe2 Rexe2 26. Nc1 Rf2+ 27. Ke1 Rxg2 28. Kd1 Rxh2 0-1

[Event "*** Titled Tuesday Blitz"]
[Site "Chess.com"]
[Date "2021.04.06"]
[Round "6"]
[White "Xeniya2005"]
[Black "MustafayevFarid2004"]
[Result "1-0"]
[WhiteElo "2327"]
[BlackElo "2445"]
[TimeControl "180+1"]
[EndTime "11:05:18 PDT"]
[Termination "Xeniya2005 won by resignation"]

1. e4 c6 2. d4 d5 3. Nd2 dxe4 4.
Nxe4 Nd7 5. Nf3 Ngf6 6. Ng3 e6 7. Bd3 c5 8. c3 cxd4 9. Nxd4 Bc5 10.
Be3 Nd5 11. Qe2 Nxe3 12. Qxe3 O-O 13. Bc2 e5 14. Qd3 g6 15. Nb3 Qb6 16. O-O Nf6 17.
Nxc5 Qxc5 18. Qf3 Kg7 19. Qxf6+ Kxf6 20. Ne4+ Ke7 21. Nxc5 1-0

[Event "*** Titled Tuesday Blitz"]
[Site "Chess.com"]
[Date "2021.04.06"]
[Round "6"]
[White "AldokhinIvan"]
[Black "AlexOstrovskiy"]
[Result "0-1"]
[WhiteElo "2523"]
[BlackElo "2751"]
[TimeControl "180+1"]
[EndTime "11:05:21 PDT"]
[Termination "AlexOstrovskiy won by resignation"]

1. e4 d5 2. exd5 Nf6 3. Nf3 Bg4 4. Be2 Qxd5 5. Nc3 Qf5 6. h3 Bxf3 7. Bxf3 Nc6 8. d4 e6 9. Be3 Rd8 10. Qd2 Bb4 11.
a3 Ba5 12. O-O-O O-O 13. Bxc6 bxc6 14. g4 Qg6 15. Qe2 Bxc3 16. bxc3 Rb8 17. f3 Nd5 18. Bd2 Rb6 19. c4 Rfb8 20. Ba5 Qg5+ 0-1

[Event "*** Titled Tuesday Blitz"]
[Site "Chess.com"]
[Date "2021.04.06"]
[Round "6"]
[White "KrolPawel92OnTwitch"]
[Black "GameOverBro"]
[Result "0-1"]
[WhiteElo "2640"]
[BlackElo "2527"]
[TimeControl "180+1"]
[EndTime "11:05:31 PDT"]
[Termination "GameOverBro won by resignation"]

1. e4 d6 2. d4 Nf6 3. f3 e5 4. dxe5 dxe5 5. Qxd8+ Kxd8 6. Nc3 Be6 7. Be3 Nbd7 8. O-O-O c6 9. a3 a5 10. Na4 Kc7 11.
h4 b5 12. Nc3 b4 13. axb4 axb4 14. Nb1 Bc5 15. Bxc5 Nxc5 16. b3 h5 17. Kb2 Ra7 18.
Nh3 Rha8 19. Kc1 Ra2 20. Rd2 Bxb3 21. cxb3 Nxb3+ 22. Kd1 Nxd2 23. Nxd2 Rb2 24. Kc1 Raa2 25. Nc4 Rc2+ 26. Kb1 Nd7 27. g4 Nc5 28. Ne3 Rab2+ 0-1

[Event "*** Titled Tuesday Blitz"]
[Site "Chess.com"]
[Date "2021.04.06"]
[Round "6"]
[White "kirillshevchenko"]
[Black "Kildepiotr"]
[Result "1-0"]
[WhiteElo "2834"]
[BlackElo "2667"]
[TimeControl "180+1"]
[EndTime "11:05:42 PDT"]
[Termination "kirillshevchenko won by resignation"]

1. e4 g6 2. d4 Bg7 3. Nc3 c6 4. f4 d5 5. e5 Nh6 6. Nf3 Bg4 7.
Be3 Nf5 8. Bf2 h5 9. h3 Bxf3 10. Qxf3 h4 11. Bd3 e6 12. Ne2 Qb6 13. O-O Bf8 14. b3 c5 15. c4 Nxd4 16. Nxd4 cxd4 17.
cxd5 exd5 18. Qxd5 Nc6 19. Bc4 Qc7 20. e6 f5 21. e7 Bxe7 22. Qf7+ Kd8 23. Rfe1 Qxf4 24. Rad1 Bd6 25. Be6 Be7 26. Bd5 Rf8 27. Qxg6 Bd6 28.
Bxh4+ Kc7 29. g3 Ne5 30. Qg7+ Rf7 31. Qxf7+ Nxf7 32. gxf4 1-0

[Event "*** Titled Tuesday Blitz"]
[Site "Chess.com"]
[Date "2021.04.06"]
[Round "6"]
[White "nss13"]
[Black "xozr"]
[Result "0-1"]
[WhiteElo "2512"]
[BlackElo "2378"]
[TimeControl "180+1"]
[EndTime "11:05:47 PDT"]
[Termination "xozr won by resignation"]

1. e4 c5 2. Nf3 Nc6 3. Bb5 Nd4 4. Nxd4 cxd4 5. c3 a6 6. Ba4 b5 7. Bb3 Bb7 8. Qe2 dxc3 9. dxc3 g6 10. O-O Bg7 11.
Bf4 Nf6 12. Nd2 O-O 13. Rad1 Qb6 14. Be3 Qc7 15. f3 d5 16. exd5 Nxd5 17. Bf2 Nf4 18. Qe3 Bh6 19. Qc5 Qxc5 20. Bxc5 Nd3 21. Ne4 Nxc5 22.
Nxc5 Be3+ 0-1

[Event "*** Titled Tuesday Blitz"]
[Site "Chess.com"]
[Date "2021.04.06"]
[Round "6"]
[White "Orest_Vovk"]
[Black "Zeeduin"]
[Result "1-0"]
[WhiteElo "2598"]
[BlackElo "2755"]
[TimeControl "180+1"]
[EndTime "11:05:48 PDT"]
[Termination "Orest_Vovk won by checkmate"]

1. d4 Nf6 2. Nf3 d5 3. Bg5 Ne4 4. Bh4 c5 5. c3 Qb6 6. Qb3 c4 7. Qxb6 axb6 8. Na3 Nxc3 9. Nxc4 dxc4 10. bxc3 b5 11. e4 Nc6 12. a4 e6 13. d5 exd5 14. exd5 Ne7 15. Nd4 b4 16. Bxc4 bxc3 17. O-O Kd7 18.
Bb5+ Kd6 19. Bg3+ Kxd5 20. Ne2 Nf5 21. Nxc3+ Kc5 22. Ne4+ Kd4 23. Rad1+ Kxe4 24. f3+ Ke3 25. Rd3+ Ke2 26. Re1# 1-0

[Event "*** Titled Tuesday Blitz"]
[Site "Chess.com"]
[Date "2021.04.06"]
[Round "6"]
[White "MarcoRiehle"]
[Black "ChessAurochs"]
[Result "1-0"]
[WhiteElo "2673"]
[BlackElo "2519"]
[TimeControl "180+1"]
[EndTime "11:05:50 PDT"]
[Termination "MarcoRiehle won by resignation"]

1. e4 e5 2. Nf3 Nc6 3. Bc4 Nf6 4. d4 exd4 5. O-O Nxe4 6. Nc3 Nxc3 7. bxc3 d5 8. Bd3 dxc3 9. Re1+ Be7 10. Ng5 Be6 11. Rxe6 fxe6 12. Nxe6 Qd6 13. Nxg7+ Kd8 14. Bf5 Qf6 15.
Qxd5+ Qd6 16. Ne6+ Ke8 17. Ng7+ Kf8 18. Ne6+ Ke8 19.
Qf3 Ne5 20. Qh5+ Nf7 21. Bf4 Qd5 22. Nxc7+ 1-0

[Event "*** Titled Tuesday Blitz"]
[Site "Chess.com"]
[Date "2021.04.06"]
[Round "6"]
[White "Triumphmate"]
[Black "ChampStan"]
[Result "1-0"]
[WhiteElo "2369"]
[BlackElo "2039"]
[TimeControl "180+1"]
[EndTime "11:05:54 PDT"]
[Termination "Triumphmate won by resignation"]

1. e4 e5 2. Nf3 Nc6 3. Nc3 Nf6 4. Bb5 Nd4 5. Ba4 c6 6. d3 a5 7. Bb3 Nxb3 8. axb3 d6 9. h3 Be7 10. O-O O-O 11. Bd2 Nd7 12. Nh2 Nc5 13. f4 exf4 14.
Bxf4 Ne6 15. Be3 d5 16. exd5 cxd5 17. d4 Bd6 18. Nf3 Bc7 19. Qe1 Ra6 20. Qf2 Rc6 21. Rae1 f6 22. Nh4 Qd6 23. g4 Qd7 24. Nf5 b6 25. Qf3 Ba6 26. Rf2 Rd8 27. Nxd5 Qd6 28.
Nde7+ 1-0

[Event "*** Titled Tuesday Blitz"]
[Site "Chess.com"]
[Date "2021.04.06"]
[Round "6"]
[White "PavelShkapenko"]
[Black "mishanick"]
[Result "1/2-1/2"]
[WhiteElo "2730"]
[BlackElo "2934"]
[TimeControl "180+1"]
[EndTime "11:05:55 PDT"]
[Termination "Game drawn by repetition"]

1. e4 c5 2. c3 Nf6 3. e5 Nd5 4.
d4 cxd4 5. cxd4 d6 6. Nf3 Nc6 7. Bc4 dxe5 8. Nxe5 e6 9. O-O Bd6 10. Bxd5 exd5 11. Bf4 Bxe5 12. Bxe5 O-O 13. Nc3 Be6 14. Re1 Qb6 15. Qd2 Rfe8 16. Bxg7 Kxg7 17. Qg5+ Kh8 18.
Qf6+ Kg8 19. Qg5+ Kf8 20. Qh6+ Kg8 21. Qg5+ Kf8 22. Qh6+ Kg8 23. Qg5+ 1/2-1/2

[Event "*** Titled Tuesday Blitz"]
[Site "Chess.com"]
[Date "2021.04.06"]
[Round "6"]
[White "LileKoridze"]
[Black "Spencenzug"]
[Result "1-0"]
[WhiteElo "2461"]
[BlackElo "2256"]
[TimeControl "180+1"]
[EndTime "11:05:55 PDT"]
[Termination "LileKoridze won by resignation"]

1. d4 Nf6 2. c4 c5 3. d5 e6 4. Nc3 exd5 5. cxd5 d6 6. Nf3 g6 7. g3 Bg7 8. Bg2 O-O 9. O-O a6 10. a4 Nbd7 11. Nd2 Re8 12. Nc4 Nb6 13. Na3 Rb8 14.
a5 Na8 15. Nc4 Nc7 16. Bf4 Bf8 17. e4 Nb5 18. e5 dxe5 19. Bxe5 Nd6 20. Nxd6 Bxd6 21.
Bxd6 Qxd6 22. Re1 Bf5 23. Qb3 Rxe1+ 24. Rxe1 b5 25. axb6 Rxb6 26. Qa3 Bd3 27. Na4 Bb5 28. Nxb6 Qxb6 29. Qc3 Ne8 30. Bf1 Nd6 31. Bxb5 axb5 32.
Qf6 Qc7 33. Re7 Qb8 34. Rd7 Ne8 35. Qxf7+ 1-0

[Event "*** Titled Tuesday Blitz"]
[Site "Chess.com"]
[Date "2021.04.06"]
[Round "6"]
[White "Keures"]
[Black "MPGM"]
[Result "0-1"]
[WhiteElo "2353"]
[BlackElo "2565"]
[TimeControl "180+1"]
[EndTime "11:06:01 PDT"]
[Termination "MPGM won by resignation"]

1. d4 Nf6 2. c4 e6 3. Nc3 Bb4 4. a3 Bxc3+ 5. bxc3 c5 6. e3 d6 7.
Bd3 e5 8. Ne2 O-O 9. O-O Nc6 10.
f4 exd4 11. cxd4 cxd4 12. Nxd4 Re8 13. Qc2 Qb6 14. Rb1 Nxd4 15. Rxb6 Nxc2 16. Rxd6 Nxe3 17. Rxf6 gxf6 18. Re1 Bf5 0-1

[Event "*** Titled Tuesday Blitz"]
[Site "Chess.com"]
[Date "2021.04.06"]
[Round "6"]
[White "LiverpooL174"]
[Black "Tpros"]
[Result "1-0"]
[WhiteElo "2672"]
[BlackElo "2518"]
[TimeControl "180+1"]
[EndTime "11:06:06 PDT"]
[Termination "LiverpooL174 won by resignation"]

1. e4 c5 2. Nf3 a6 3. c3 e6 4. d4 d5 5. e5 Bd7 6. Bd3 Bb5 7.
Bc2 a5 8. a4 Ba6 9. Na3 cxd4 10. cxd4 Bb4+ 11. Bd2 Ne7 12. Bxb4 axb4 13. Nb5 Bxb5 14.
axb5 Nd7 15. O-O Nb6 16. Qd3 g6 17. Qb3 O-O 18. Qxb4 Qd7 19. g4 Rfc8 20. Bd3 Rab8 21. h4 Kg7 22. h5 Ng8 23. Qd2 Nc4 24. Bxc4 Rxc4 25. b6 Rbc8 26. Qf4 Qe7 27. h6+ Nxh6 28.
Qf6+ Qxf6 29. exf6+ Kg8 30. g5 Nf5 31. Ra7 Rb8 32.
Rfa1 h6 33. gxh6 Nxh6 34. Rxb7 Rf8 35. Rc7 Rb4 36. b7 Ng4 37. Ra8 Nxf6 38. Rxf8+ Kxf8 39. Rc8+ 1-0

[Event "*** Titled Tuesday Blitz"]
[Site "Chess.com"]
[Date "2021.04.06"]
[Round "6"]
[White "pfalcon1949"]
[Black "lukazz029"]
[Result "0-1"]
[WhiteElo "1983"]
[BlackElo "2117"]
[TimeControl "180+1"]
[EndTime "11:06:06 PDT"]
[Termination "lukazz029 won by resignation"]

1. c4 Nf6 2. Nc3 g6 3. g3 Bg7 4. Bg2 O-O 5. e4 d6 6. Nge2 c5 7. O-O Nc6 8. d3 e5 9. h3 Nd4 10. Kh2 Re8 11. Be3 Nd7 12. Nd5 Nf8 13. Qd2 Be6 14.
Rac1 Bxd5 15. cxd5 b5 16. f4 Nd7 17. f5 f6 18.
Nxd4 exd4 19. Bh6 Ne5 20. fxg6 hxg6 21. Bxg7 Kxg7 22. Rf2 Rh8 23. Rcf1 Ng4+ 24. Kg1 Nxf2 25. Qxf2 Qe7 26. b3 Qe5 27. Kh2 b4 28. Kg1 a5 29. g4 Qg5 30. Qg3 Qe5 31. Qf3 a4 32.
Qf4 Qxf4 33. Rxf4 axb3 34. axb3 Ra3 35. Rf1 Rxb3 36. Ra1 Ra3 0-1

[Event "*** Titled Tuesday Blitz"]
[Site "Chess.com"]
[Date "2021.04.06"]
[Round "6"]
[White "eldur16"]
[Black "Kotofeyca"]
[Result "1-0"]
[WhiteElo "2572"]
[BlackElo "2394"]
[TimeControl "180+1"]
[EndTime "11:06:07 PDT"]
[Termination "eldur16 won by resignation"]

1. Nf3 d5 2. g3 c6 3. Bg2 Bg4 4. O-O Nd7 5. d4 e6 6. Nbd2 Ngf6 7. Re1 Be7 8. e4 dxe4 9. Nxe4 Nxe4 10. Rxe4 Nf6 11.
Re1 O-O 12. c3 Rc8 13. Qb3 Qb6 14. Ne5 Bh5 15. Be3 Rfd8 16. Nc4 Qxb3 17. axb3 a6 18. b4 Nd5 19. Bd2 Kf8 20. f4 Bg6 21. g4 Bh4 22.
Red1 f6 23. Bf3 Bc2 24. Rdc1 Bd3 25. Na5 Rd7 26. Nb3 Re7 27. Nc5 Bg6 28. Kg2 Bf7 29. Rf1 e5 30. fxe5 fxe5 31. dxe5 Rxe5 32. Nd7+ 1-0

[Event "*** Titled Tuesday Blitz"]
[Site "Chess.com"]
[Date "2021.04.06"]
[Round "6"]
[White "NTBT_DHS"]
[Black "ehrenfeld"]
[Result "1-0"]
[WhiteElo "2725"]
[BlackElo "2532"]
[TimeControl "180+1"]
[EndTime "11:06:10 PDT"]
[Termination "NTBT_DHS won on time"]

1. d4 Nf6 2. c3 e6 3. Nf3 b6 4. Bf4 Be7 5. Nbd2 O-O 6. e4 d5 7.
e5 Nfd7 8. Bd3 Ba6 9. Bxa6 Nxa6 10. h4 c5 11. Ng5 Nc7 12. Rh3 f6 13. exf6 Rxf6 14.
Qg4 Nf8 15. Be5 Rg6 16. f4 Bf6 17. h5 Rh6 18. Ndf3 Qe7 19. O-O-O cxd4 20. Nxd4 Bxe5 21. fxe5 Rc8 22. Rf1 b5 23. Rhf3 1-0

[Event "*** Titled Tuesday Blitz"]
[Site "Chess.com"]
[Date "2021.04.06"]
[Round "6"]
[White "Yaryi_sergey"]
[Black "Fortitudine"]
[Result "1-0"]
[WhiteElo "2518"]
[BlackElo "2278"]
[TimeControl "180+1"]
[EndTime "11:06:13 PDT"]
[Termination "Yaryi_sergey won by resignation"]

1. Nf3 Nf6 2. d4 g6 3. g3 Bg7 4. Bg2 O-O 5. b4 a5 6. b5 d5 7. a4 Nbd7 8. O-O Nb6 9. Nbd2 Bf5 10. Ne5 Nfd7 11. f4 f6 12. Nd3 e5 13. e3 Re8 14.
Nc5 exd4 15. exd4 Rb8 16. g4 Be6 17. f5 Bf7 18. Ndb3 Nc4 19. Qd3 c6 20. Bf4 Nxc5 21. Nxc5 Nd6 22. Rab1 Re7 23. bxc6 bxc6 24. Rxb8 Qxb8 25.
Qa6 Qc7 26. Rb1 Re8 27. Rb2 Qe7 28. fxg6 Qe1+ 29. Qf1 Qxf1+ 30. Bxf1 Nc4 31. gxf7+ Kxf7 32. Bxc4 1-0

[Event "*** Titled Tuesday Blitz"]
[Site "Chess.com"]
[Date "2021.04.06"]
[Round "6"]
[White "HouseOfDurin"]
[Black "Chandradi"]
[Result "0-1"]
[WhiteElo "2165"]
[BlackElo "2386"]
[TimeControl "180+1"]
[EndTime "11:06:14 PDT"]
[Termination "Chandradi won by checkmate"]

1. d4 Nf6 2. Bg5 Ne4 3. h4 Nxg5 4. hxg5 c5 5. dxc5 Qa5+ 6. c3 Qxc5 7. f4 Qe3 8. Qd2 Qg3+ 9. Kd1 Nc6 10. e4 d6 11.
Nf3 Bg4 12. Qe3 e5 13. f5 Be7 14. Nd2 O-O-O 15. Kc2 d5 16. Re1 d4 17. cxd4 exd4 18.
Qb3 d3+ 19. Kb1 Bb4 20. Bxd3 Rxd3 21. Qxd3 Rd8 22. Qc4 Bxd2 23. Nxd2 Rxd2 24. Rd1 Bxd1 25. Rxd1 Rxd1+ 26. Kc2 Qe1 27. Qxf7 Nd4# 0-1

[Event "*** Titled Tuesday Blitz"]
[Site "Chess.com"]
[Date "2021.04.06"]
[Round "6"]
[White "Eliwood44"]
[Black "Aygehovit1992"]
[Result "0-1"]
[WhiteElo "2511"]
[BlackElo "2656"]
[TimeControl "180+1"]
[EndTime "11:06:19 PDT"]
[Termination "Aygehovit1992 won on time"]

1. d4 d6 2. Nc3 g6 3. e4 a6 4. Nf3 Bg7 5. Be2 b5 6. O-O Bb7 7. a3 Nf6 8. e5 Nd5 9. Nxd5 Bxd5 10. Re1 Nc6 11. a4 Rb8 12. axb5 axb5 13. Bg5 h6 14. Bh4 O-O 15. exd6 cxd6 16. c3 g5 17. Bg3 f5 18. Bd3 f4 19. Nxg5 fxg3 20. hxg3 hxg5 21. Qh5 Rf6 22. Bh7+ Kf8 23. Qxg5 e6 24. Bd3 Qe7 25. Ra6 Nd8 26. f4 Nf7 27. Qg4 Nh6 28. Qe2 Kg8 29. Bxb5 Qb7 30. c4 Rg6 31. Rxd6 Bxd4+ 32. Kh1 Ng4 0-1

[Event "*** Titled Tuesday Blitz"]
[Site "Chess.com"]
[Date "2021.04.06"]
[Round "6"]
[White "Giorno"]
[Black "IwkooO"]
[Result "0-1"]
[WhiteElo "2471"]
[BlackElo "2609"]
[TimeControl "180+1"]
[EndTime "11:06:19 PDT"]
[Termination "IwkooO won by checkmate"]

1. Nf3 b6 2. g3 Bb7 3. Bg2 g6 4. d3 Bg7 5. e4 e6 6. O-O Ne7 7. Nbd2 O-O 8. c3 d6 9. Re1 Nd7 10. h4 h6 11. h5 g5 12. Nf1 c5 13. Ne3 d5 14. exd5 Nxd5 15. Nxd5 Bxd5 16. d4 cxd4 17. Nxd4 Bxg2 18. Kxg2 Nc5 19. Be3 Qd5+ 20. Qf3 Rad8 21. Nc6 Qxf3+ 22. Kxf3 Rd7 23. Red1 Rc7 24. Bxc5 bxc5 25.
Na5 c4 26. Rd6 Rb8 27. Rad1 Rb5 28. Ra6 Rxb2 29. Rd8+ Kh7 30. Nc6 Bxc3 31. Nxa7 Bf6 32. Rc8 Rxc8 33. Nxc8 c3 34. Nd6 Bd4 35. Ne4 f5 36. Nxc3 Rxf2# 0-1

[Event "*** Titled Tuesday Blitz"]
[Site "Chess.com"]
[Date "2021.04.06"]
[Round "6"]
[White "Andrakhanova"]
[Black "KingCyber19"]
[Result "1-0"]
[WhiteElo "2253"]
[BlackElo "2528"]
[TimeControl "180+1"]
[EndTime "11:06:22 PDT"]
[Termination "Andrakhanova won by checkmate"]

1. c4 c5 2. Nc3 Nc6 3. g3 Nf6 4. Bg2 e6 5. Nf3 d5 6. cxd5 exd5 7. d4 Be6 8. O-O c4 9. h3 Bb4 10. Ne5 O-O 11. Bg5 Be7 12. Qd2 a6 13. a4 Na5 14.
Rad1 Nb3 15. Qe3 h6 16. Bxf6 Bxf6 17. f4 Bxe5 18. fxe5 Qd7 19. Kh2 b5 20. Rf4 b4 21.
Nb1 Qxa4 22. Rdf1 Rae8 23. Rh4 Qd7 24. Rf6 Bf5 25. Rfxh6 gxh6 26. Qxh6 f6 27. exf6 Bh7 28. Bxd5+ Kh8 29. f7 Rxe2+ 30. Bg2 Qf5 31. Qxf8# 1-0

[Event "*** Titled Tuesday Blitz"]
[Site "Chess.com"]
[Date "2021.04.06"]
[Round "6"]
[White "bushrashuaibi"]
[Black "MoreChessJulia"]
[Result "1-0"]
[WhiteElo "2058"]
[BlackElo "2105"]
[TimeControl "180+1"]
[EndTime "11:06:23 PDT"]
[Termination "bushrashuaibi won by resignation"]

1. d4 g6 2. e4 d5 3. exd5 Nf6 4.
c4 Bg7 5. Nf3 O-O 6. Nc3 Nbd7 7. Be2 Nb6 8. O-O Bg4 9. Qd3 e6 10. dxe6 Bxe6 11. d5 Bf5 12. Qd1 Rc8 13. Nd4 Bd7 14. Bf3 c6 15. dxc6 bxc6 16. b3 c5 17. Nc2 Bc6 18. Bb2 Qd7 19. Bxc6 Qxc6 20. Ne3 Ne4 21. Ncd5 Nxd5 22. Nxd5 Qb7 23. Bxg7 Kxg7 24.
Qc2 Rce8 25. Rfe1 Nd6 26. Qc3+ f6 27. h4 Qf7 28. h5 gxh5 29. Qg3+ Kh8 30. Qxd6 1-0

[Event "*** Titled Tuesday Blitz"]
[Site "Chess.com"]
[Date "2021.04.06"]
[Round "6"]
[White "shimastream"]
[Black "Marianov_Podstavnikov"]
[Result "1-0"]
[WhiteElo "2942"]
[BlackElo "2366"]
[TimeControl "180+1"]
[EndTime "11:06:24 PDT"]
[Termination "shimastream won by resignation"]

1. e4 e5 2. Nf3 Nc6 3. Bc4 Nf6 4. d4 exd4 5. O-O Nxe4 6. Nc3 dxc3 7. Bxf7+ Kxf7 8. Qd5+ Ke8 9. Re1 Be7 10. Rxe4 d6 11. Bg5 cxb2 12. Rae1 Kf8 13. Rf4+ Bf6 14. Rxf6+ Qxf6 15.
Bxf6 gxf6 16. Nd4 Ne5 17. f4 Ng6 18. Qb5 Nxf4 19. Qxb2 Kf7 20. Qb3+ d5 21. Qf3 Ne6 22.
Qxd5 Rd8 23. Qh5+ Kg7 24. Nxe6+ Bxe6 25. Rxe6 1-0

[Event "*** Titled Tuesday Blitz"]
[Site "Chess.com"]
[Date "2021.04.06"]
[Round "6"]
[White "Savagelittlemole"]
[Black "tusplingher"]
[Result "1-0"]
[WhiteElo "2500"]
[BlackElo "2323"]
[TimeControl "180+1"]
[EndTime "11:06:24 PDT"]
[Termination "Savagelittlemole won by resignation"]

1. e4 c5 2. Ne2 g6 3. g3 Bg7 4. Bg2 e6 5. O-O Ne7 6. d4 cxd4 7. Nxd4 O-O 8. Be3 d5 9. Nc3 Nbc6 10.
exd5 exd5 11. Qd2 Ne5 12. b3 N7c6 13. Rad1 Bg4 14. f3 Bc8 15. h3 Nxd4 16. Bxd4 Be6 17.
f4 Nc6 18. Bxg7 Kxg7 19. Nxd5 Bxd5 20. Qxd5 Qb6+ 21. Kh2 Rad8 22. Qf3 Rxd1 23. Rxd1 Re8 24. Qc3+ Kg8 25. Re1 Rxe1 26. Qxe1 Qc5 27. Qe8+ Kg7 28. Bxc6 bxc6 29. Qe5+ Qxe5 30. fxe5 Kf8 31. Kg2 Ke7 32. Kf3 Ke6 33. Ke4 c5 34. c3 a5 35. a3 f5+ 36.
exf6 Kxf6 37. b4 cxb4 38. cxb4 1-0

[Event "*** Titled Tuesday Blitz"]
[Site "Chess.com"]
[Date "2021.04.06"]
[Round "6"]
[White "laskerisalive"]
[Black "GMHess"]
[Result "0-1"]
[WhiteElo "2440"]
[BlackElo "2753"]
[TimeControl "180+1"]
[EndTime "11:06:25 PDT"]
[Termination "GMHess won by resignation"]

1. d4 g6 2. g3 Bg7 3. Bg2 c5 4. e3 cxd4 5. exd4 Nf6 6. Nf3 O-O 7. O-O d5 8. c3 Nc6 9. Bf4 Bf5 10. Nbd2 Rc8 11.
Re1 Ne4 12. Nb3 e6 13. Nh4 b6 14. Nxf5 gxf5 15. f3 Nd6 16. Bf1 Nc4 17. Nd2 Nxb2 18.
Qb3 Nc4 19. Nxc4 dxc4 20. Qa3 Qd5 21. Bg2 b5 22. Be3 b4 23. Qc1 bxc3 24. f4 Qa5 25. Rd1 Rfd8 26. d5 exd5 27. Qc2 d4 0-1

[Event "*** Titled Tuesday Blitz"]
[Site "Chess.com"]
[Date "2021.04.06"]
[Round "6"]
[White "SergioGarciaFuentes"]
[Black "NiranjanNavalgund"]
[Result "1/2-1/2"]
[WhiteElo "2332"]
[BlackElo "2495"]
[TimeControl "180+1"]
[EndTime "11:06:29 PDT"]
[Termination "Game drawn by repetition"]

1. Nf3 Nf6 2. g3 g5 3. Nxg5 e5 4. d4 e4 5. c4 c6 6. Nc3 h6 7. Ngxe4 Nxe4 8. Nxe4 d5 9. cxd5 cxd5 10. Nc3 Nc6 11.
Bg2 Be6 12. O-O Bb4 13. Bf4 h5 14. h4 Rg8 15. e3 Bg4 16. Qb3 Be6 17. Nxd5 Bxd5 18.
Bxd5 Qe7 19. Rac1 Rc8 20. Rc4 Bd6 21. Bxd6 Qxd6 22. Qxb7 Qxd5 23. Qxc8+ Nd8 24. Rc5 Qd6 25. Re5+ Kf8 26. Rc1 f6 27. Rxh5 Rxg3+ 28. fxg3 Qxg3+ 29. Kh1 Qf3+ 30. Kg1 Qg3+ 31. Kf1 Qf3+ 32. Ke1 Qxe3+ 33. Kd1 Qd3+ 34. Ke1 Qe3+ 35. Kf1 Qf3+ 36. Kg1 Qg3+ 37.
Kh1 Qf3+ 38. Kg1 Qg3+ 39. Kh1 Qf3+ 40. Kg1 1/2-1/2

[Event "*** Titled Tuesday Blitz"]
[Site "Chess.com"]
[Date "2021.04.06"]
[Round "6"]
[White "GelmanAlexander"]
[Black "Two_Towers_Krakow"]
[Result "1-0"]
[WhiteElo "2654"]
[BlackElo "2507"]
[TimeControl "180+1"]
[EndTime "11:06:31 PDT"]
[Termination "GelmanAlexander won by resignation"]

1. d4 Nf6 2. Nc3 d5 3. Bf4 c6 4. f3 Bf5 5. g4 Bg6 6. h4 h6 7. e3 e6 8. Qd2 Bd6 9. Nge2 Qc7 10.
O-O-O Nbd7 11. Bxd6 Qxd6 12. Nf4 Bh7 13. g5 Ng8 14. e4 dxe4 15. fxe4 O-O-O 16. Rg1 hxg5 17. Rxg5 g6 18. Ra5 Kb8 19. d5 cxd5 20. Nb5 Qb6 21. Nxd5 exd5 22. Qf4+ Ka8 23. Nc7+ Kb8 24. Nxd5+ Ka8 25.
Nxb6+ 1-0

[Event "*** Titled Tuesday Blitz"]
[Site "Chess.com"]
[Date "2021.04.06"]
[Round "6"]
[White "azikom"]
[Black "DrVelja"]
[Result "0-1"]
[WhiteElo "2696"]
[BlackElo "2872"]
[TimeControl "180+1"]
[EndTime "11:06:32 PDT"]
[Termination "DrVelja won on time"]

1. d4 Nf6 2. Nf3 g6 3. g3 Bg7 4. Bg2 O-O 5. O-O d6 6. Nbd2 c6 7. e4 Nbd7 8. c3 e5 9. Re1 Qe7 10. a4 a5 11. dxe5 Nxe5 12. Nxe5 dxe5 13. b3 Bg4 14.
Qc2 Qe6 15. Nc4 Bh3 16. Ba3 Rfd8 17. Bxh3 Qxh3 18. Nxe5 Re8 19. Nf3 Ng4 20. Rad1 Re5 21.
Qd3 Rh5 22. Qd8+ Rxd8 23. Rxd8+ Bf8 24. Bxf8 f6 25. e5 Nxe5 26. Rxe5 fxe5 0-1

[Event "*** Titled Tuesday Blitz"]
[Site "Chess.com"]
[Date "2021.04.06"]
[Round "6"]
[White "yonaltimur"]
[Black "TedBelanoff"]
[Result "0-1"]
[WhiteElo "1793"]
[BlackElo "2116"]
[TimeControl "180+1"]
[EndTime "11:06:33 PDT"]
[Termination "TedBelanoff won on time"]

1. e4 e5 2. Nf3 Nc6 3. Bb5 Bc5 4. O-O a6 5. Bxc6 dxc6 6. Nxe5 Nf6 7. d3 h5 8. Nc3 Ng4 9. Nxg4 hxg4 10. Bf4 Qh4 11. d4 Bd6 12. e5 Be7 13. d5 g5 14. Bg3 Qh5 15. d6 cxd6 16. exd6 Bd8 17. Re1+ Be6 18. d7+ Kf8 19. Qd6+ Be7 20. Qd4 Rh6 21. Ne4 Rd8 22.
Qe3 f5 23. Nc5 Bxc5 24. Qxc5+ Kf7 25. Qe5 f4 26. Kf1 f3 27. Kg1 Rxd7 0-1

[Event "*** Titled Tuesday Blitz"]
[Site "Chess.com"]
[Date "2021.04.06"]
[Round "6"]
[White "dhaessel"]
[Black "c_r_e_e_p_e_r"]
[Result "0-1"]
[WhiteElo "2083"]
[BlackElo "2372"]
[TimeControl "180+1"]
[EndTime "11:06:41 PDT"]
[Termination "c_r_e_e_p_e_r won on time"]

1. d4 Nf6 2. c4 e6 3. Nc3 d5 4. cxd5 exd5 5. Bg5 Be7 6. e3 O-O 7. Bd3 c6 8. Nge2 Nbd7 9. O-O Re8 10. f3 Nf8 11. Qc2 g6 12. Bh4 b5 13. a3 Bb7 14. e4 a6 15. e5 Nh5 16. Bxe7 Qxe7 17. f4 c5 18. Qd2 Ne6 19. Bc2 Rac8 20. Bb3 b4 21. Nxd5 Qd8 22. g4 Bxd5 23. Bxd5 Qxd5 24. gxh5 cxd4 25. hxg6 hxg6 26. Qxb4 Rc2 27. Rf2 Qe4 28.
Qa4 Rec8 29. Ng3 Qe3 30. Rf1 Rxf2 31. Rxf2 Rc1+ 32. Kg2 Nxf4+ 0-1

[Event "*** Titled Tuesday Blitz"]
[Site "Chess.com"]
[Date "2021.04.06"]
[Round "6"]
[White "Pantata007"]
[Black "morte-negra"]
[Result "1-0"]
[WhiteElo "2252"]
[BlackElo "1946"]
[TimeControl "180+1"]
[EndTime "11:06:41 PDT"]
[Termination "Pantata007 won by resignation"]

1. d4 Nf6 2. c4 c5 3. d5 e6 4. Nc3 exd5 5. cxd5 d6 6. e4 g6 7. f4 Bg7 8. Bb5+ Nfd7 9. Nf3 a6 10.
Bd3 O-O 11. O-O Re8 12. a4 Nf6 13. Kh1 Bg4 14. h3 Bxf3 15. Qxf3 Nbd7 16. Bd2 Rb8 17.
a5 Qc7 18. Rfc1 b5 19. axb6 Rxb6 20. Na4 Rb4 21. Bxb4 Qb7 22. Bc3 Nh5 23. Bxg7 Nxg7 24. Bc4 f5 25. exf5 Nxf5 26. Re1 Rf8 27. Kh2 Qb4 28. b3 Nd4 29. Qc3 Qb7 30. Re7 Nf6 31.
Rxb7 1-0

[Event "*** Titled Tuesday Blitz"]
[Site "Chess.com"]
[Date "2021.04.06"]
[Round "6"]
[White "2nd_life"]
[Black "Goryachkina"]
[Result "0-1"]
[WhiteElo "2414"]
[BlackElo "2624"]
[TimeControl "180+1"]
[EndTime "11:06:43 PDT"]
[Termination "Goryachkina won on time"]

1. e4 c5 2. Nf3 e6 3. c3 d5 4. exd5 exd5 5. d4 Nf6 6. Be3 c4 7. b3 cxb3 8. axb3 Nc6 9. Bd3 Bd6 10. h3 O-O 11. O-O Re8 12. Re1 Ne4 13. c4 Nb4 14. Bf1 Bf5 15. g4 Bg6 16. Ne5 Qh4 17. Nxg6 hxg6 18. Bg2 f5 19. Rf1 f4 20. Bc1 Ng5 21. c5 Nxh3+ 0-1